 Dungeon Crawl Stone Soup version 0.31-a0-1612-g4aaf141004 (webtiles) character file.

Game seed: 1511377098568678795

5386 bmb222 the Basher (level 10, -3/90 HPs)
             Began as a Formicid Fighter on Jan 10, 2024.
             Slain by a sun demon (17 damage)
             ... in a volcano.
             The game lasted 00:10:42 (7933 turns).

bmb222 the Basher (Formicid Fighter)                Turns: 7933, Time: 00:10:43

Health: -3/90      AC: 17    Str: 25    XL:     10   Next: 98%
Magic:  10/10      EV: 11    Int:  8    God:
Gold:   338        SH: 10    Dex: 16    Spells: 9/9 levels left

rFire   + + +        z - +2 dire flail (distort)
rCold   + . .        c - +0 buckler
rNeg    + . .        p - +2 chain mail {rF+}
rPois   +            (helmet unavailable)
rElec   +            (no cloak)
rCorr   +            K - +2 pair of gloves {Dex+3}
SInv    +            v - +0 pair of boots
Will    +....        e - amulet of reflection Stlth
                     q - ring of protection from fire
HPRegen 0.35/turn    y - ring of positive energy
MPRegen 0.12/turn

%: reflection
@: mighty, resistant, spiked
A: permanent stasis, dig shafts and tunnels, antennae 3, four strong arms,
robust 1
a: Dig


You were in a volcano.
You visited 3 branches of the dungeon, and saw 10 of its levels.
You also visited: Volcano.

You collected 338 gold pieces.

Inventory:

Hand Weapons
 a - a +0 flail
 i - the +5 woodcutter's axe
   (You took it off a gnoll on level 5 of the Dungeon)
 k - a +2 flail of flaming
 z - a +2 dire flail of distortion (weapon)
 L - a +0 great mace of flaming
Missiles
 d - 2 throwing nets
 f - 2 boomerangs (quivered)
 t - 6 poisoned darts
Armour
 b - a +0 scale mail
 c - a +0 buckler (worn)
 o - a +0 chain mail
 p - a +2 chain mail of fire resistance (worn)
 v - a +0 pair of boots (worn)
 x - the +0 scale mail "Cuej Pet" {Slay+3}
   (You found it on level 4 of the Dungeon)

   Slay+3:    It affects your accuracy & damage with ranged weapons and melee
   (+3).
 B - a +0 pair of gloves
 K - a +2 pair of gloves of dexterity (worn)
Jewellery
 e - an amulet of reflection (around neck)
 g - an amulet of faith
 q - a ring of protection from fire (left hand)
 y - a ring of positive energy (right hand)
 C - a ring of ice
 I - an amulet of guardian spirit
Wands
 w - a wand of quicksilver (6)
 A - a wand of flame (11)
 D - a wand of charming (8)
 G - a wand of mindburst (13)
Scrolls
 j - a scroll of revelation
 l - a scroll of vulnerability
 m - 2 scrolls of brand weapon
 s - a scroll of fear
 u - 2 scrolls of fog
 E - 3 scrolls of enchant weapon {unknown}
 F - a scroll of poison {unknown}
 H - a scroll of identify
Potions
 h - a potion of invisibility
 J - a potion of haste {unknown}


   Skills:
 + Level 8.5 Fighting
 * Level 10.3 Maces & Flails
 - Level 7.3 Armour
 - Level 4.8 Dodging
 - Level 5.0 Shields
 + Level 4.3 Evocations


You had 9 spell levels left.
You didn't know any spells.
Your spell library contained the following spells:

 Spells                   Type           Power      Damage    Failure   Level
 Call Canine Familiar     Summ           0%         N/A       100%        3
 Fugue of the Fallen      Necr           0%         N/A       100%        3
 Ozocubu's Armour         Ice            0%         N/A       100%        3
 Sigil of Binding         Hex            0%         N/A       100%        3
 Tukima's Dance           Hex            0%         N/A       100%        3
 Volatile Blastmotes      Fire/Tloc      0%         2d10      100%        3
 Dimensional Bullseye     Hex/Tloc       0%         N/A       100%        4
 Fulminant Prism          Conj/Alch      0%         3d5       100%        4
 Iskenderun's Mystic Bla  Conj/Tloc      0%         2d3       100%        4
 Manifold Assault         Tloc           0%         N/A       100%        4
 Olgreb's Toxic Radiance  Alch           0%         N/A       100%        4
 Summon Forest            Summ/Tloc      0%         N/A       100%        5
 Eringya's Noxious Bog    Alch           0%         4d6       100%        6
 Ozocubu's Refrigeration  Ice            0%         4d7       100%        7
 Summon Hydra             Summ           0%         N/A       100%        7
 Discord                  Hex            0%         N/A       100%        8


Dungeon Overview and Level Annotations

Branches:
Dungeon (8/15)             Temple (1/1) D:4            Lair (1/5) D:8
Volcano (1/1)

Altars:
Ashenzari
Dithmenos
Fedhas
Gozag
Hepliaklqana
Kikubaaqudgha
Makhleb
Nemelex Xobeh
Okawaru
Qazlal
Ru
Sif Muna
Trog
Uskayaw
Vehumet
Wu Jian
Xom
Yredelemnul
Zin
The Shining One

Shops:
D:1 *

Annotations:
Temple 2 transporters


Innate Abilities, Weirdness & Mutations

You cannot be hasted, slowed, berserked, paralysed or teleported.
You can dig through walls and to a lower floor.
You have a pair of large antennae on your head. (SInv)
Your four strong arms can wield two-handed weapons with a shield.
You are robust. (+10% HP)


Message History

The boomerang closely misses the red devil.
Unknown command.
You closely miss the sun demon.
The red devil hits you from afar with a +2 trident of flaming!
Barbed spikes become lodged in your body.
The red devil burns you.
Unknown command.
You feel protected. You block the sun demon's attack.
You block the red devil's attack. The sun demon barely misses you.
You puncture the sun demon!
Space warps horribly around the sun demon!!
The sun demon is heavily wounded.
Unknown command.
You hit the sun demon.
Space warps horribly around the sun demon!
The sun demon is severely wounded.
You block the sun demon's attack.
The red devil hits you from afar with a +2 trident of flaming!
Barbed spikes become lodged in your body.
Unknown command.
You hit the sun demon.
Space warps around the sun demon.
The sun demon is almost dead.
The sun demon hits you!
* * * LOW HITPOINT WARNING * * *
You are engulfed in flames.
You resist.
* * * LOW HITPOINT WARNING * * *
You block the red devil's attack.
You completely miss the sun demon.
The sun demon is almost dead.
The sun demon hits you.
* * * LOW HITPOINT WARNING * * *
You are engulfed in flames.
You resist.
* * * LOW HITPOINT WARNING * * *
The red devil hits you from afar with a +2 trident of flaming.
* * * LOW HITPOINT WARNING * * *
Barbed spikes become lodged in your body.
You feel very mighty all of a sudden. The sun demon hits you!
You die...

≈≈§## §.≈≈## §.≈≈≈#
≈§.§ ....# ≈.$4 .∩###
≈§)!. ∩#.# .§.! ##.##
§≈.# ###.#########
####.§.#
.............###@#...#
..§.≈.≈≈§≈§......34#
..≈≈§§§≈≈≈≈≈≈....###
.≈§≈≈≈≈≈≈≈≈≈≈...##
.≈≈§≈§§§≈≈§≈≈...#
§≈§§≈§≈≈≈§≈≈...##
§§≈≈≈≈≈≈§§≈...##
.§.≈≈.≈≈≈≈....#
.............##


You could see a sun demon and a red devil.

Vanquished Creatures
  A hell knight (Volcano)
  An ugly thing (Volcano)
  Grinder (D:3)
  A wraith (D:8)
  5 yaks (D:8)
  Eustachio (D:4)
  A steam dragon (D:7)
  Edmund (D:4)
  3 hell hounds (Volcano)
  2 sky beasts (D:3)
  4 ogres
  3 lemures (D:4)
  A centaur (D:5)
  A phantom (D:6)
  Blork the orc (D:4)
  5 bullfrogs
  A gnoll sergeant (D:5)
  A scorpion (D:5)
  4 wights (D:7)
  3 howler monkeys (D:8)
  A bombardier beetle (D:5)
  5 hounds
  A gnoll bouda (D:5)
  2 orc priests (D:5)
  2 iguanas
  A jelly (D:5)
  Ijyb (D:4)
  3 orc wizards
  Terence (D:3)
  Robin (D:2)
  6 adders
  14 gnolls (D:5)
  2 shadow imps
  2 white imps
  2 ufetubi (D:7)
  A dart slug (D:1)
  4 ribbon worms
  20 orcs
  3 bats
  7 endoplasms
  4 giant cockroaches
  16 goblins
  12 hobgoblins
  2 jackals (D:1)
  5 kobolds
  3 quokkas
  7 ball pythons
  7 rats
176 creatures vanquished.

Notes
Turn   | Place    | Note
-------+----------+-------------------------------------------
     0 | D:1      | bmb222 the Formicid Fighter began the quest for the Orb.
     0 | D:1      | Reached XP level 1. HP: 18/18 MP: 1/1
   165 | D:1      | Reached XP level 2. HP: 24/24 MP: 2/2
   281 | D:1      | Found a faded altar of an unknown god.
   396 | D:1      | Found Vekh's General Store.
   867 | D:2      | Reached XP level 3. HP: 27/29 MP: 3/3
  1027 | D:2      | Noticed Robin
  1028 | D:2      | Found an ancient bone altar of Kikubaaqudgha.
  1050 | D:2      | Reached XP level 4. HP: 31/37 MP: 4/4
  1058 | D:2      | Killed Robin
  1218 | D:2      | Reached skill level 3 in Maces & Flails
  1483 | D:3      | Reached XP level 5. HP: 29/42 MP: 5/5
  1711 | D:3      | Noticed Terence
  1726 | D:3      | Reached skill level 5 in Shields
  1752 | D:3      | Killed Terence
  1753 | D:3      | Reached XP level 6. HP: 19/48 MP: 6/6
  2194 | D:3      | Noticed a sky beast
  2216 | D:3      | Killed a sky beast
  2217 | D:3      | Reached skill level 4 in Maces & Flails
  2217 | D:3      | Reached skill level 1 in Dodging
  2217 | D:3      | Found a stormy altar of Qazlal.
  2457 | D:3      | Noticed a sky beast
  2475 | D:3      | Killed a sky beast
  2476 | D:3      | Reached XP level 7. HP: 51/55 MP: 7/7
  2514 | D:3      | Noticed Grinder
  2527 | D:3      | Killed Grinder
  2528 | D:3      | Reached skill level 5 in Fighting
  2528 | D:3      | Reached skill level 5 in Maces & Flails
  2528 | D:3      | Reached skill level 5 in Armour
  2917 | D:4      | Reached XP level 8. HP: 33/62 MP: 8/8
  3049 | D:4      | Identified the +0 scale mail "Cuej Pet" {Slay+3}
  3110 | D:4      | Noticed Ijyb
  3117 | D:4      | Killed Ijyb
  3257 | D:4      | Noticed Eustachio
  3280 | D:4      | Killed Eustachio
  3568 | D:4      | Found a staircase to the Ecumenical Temple.
  3618 | Temple   | Found a transporter.
  3618 | Temple   | Found a transporter.
  3618 | Temple   | Found a transporter.
  3618 | Temple   | Found a transporter.
  3618 | Temple   | Entered the Ecumenical Temple
  3683 | D:4      | Noticed Blork the orc
  3686 | D:4      | Noticed Edmund
  3690 | D:4      | Killed Blork the orc
  3691 | D:4      | Reached skill level 6 in Maces & Flails
  3697 | D:4      | Killed Edmund
  4192 | D:5      | Entered Level 5 of the Dungeon
  4663 | D:5      | Reached XP level 9. HP: 59/69 MP: 9/9
  4754 | D:5      | Reached skill level 7 in Maces & Flails
  4885 | D:5      | Found a basalt altar of Yredelemnul.
  5860 | D:6      | Found a sacrificial altar of Ru.
  5925 | D:6      | Found a hazy altar of Hepliaklqana.
  5933 | D:6      | Found a blossoming altar of Fedhas.
  5936 | D:6      | Found a burning altar of Makhleb.
  6423 | D:6      | Reached skill level 8 in Maces & Flails
  6970 | D:7      | Reached XP level 10. HP: 62/75 MP: 10/10
  6982 | D:7      | Reached skill level 1 in Evocations
  7089 | D:7      | Gained mutation: You are robust. (+10% HP) [potion of
                  | mutation]
  7125 | D:7      | Found a radiant altar of Vehumet.
  7557 | D:8      | Found a staircase to the Lair.
  7573 | D:8      | Reached skill level 9 in Maces & Flails
  7660 | Lair:1   | Entered Level 1 of the Lair of Beasts
  7693 | Lair:1   | Found a dark tunnel.
  7700 | Volcano  | Entered a volcano
  7719 | Volcano  | Noticed a hell knight
  7729 | Volcano  | Killed a hell knight
  7730 | Volcano  | Reached skill level 10 in Maces & Flails
  7846 | Volcano  | Noticed a red ugly thing
  7866 | Volcano  | Killed a red ugly thing
  7926 | Volcano  | Noticed a sun demon
  7933 | Volcano  | Slain by a sun demon

Illustrated notes

Levels and vault maps discovered:
D:1:      dpeg_arrival_boxes_within_box, layout_loops_ring, serial_shops, shop,
          hellmonk_ecumenical_altar_zigzags, nrook_loot_triangle, minmay_cupped
D:2:      minmay_chambers_of_ones, layout_rooms, basic_altar,
          serial_bayou_pond_e, uniq_robin
D:3:      layout_loops_ring, nicolae_qazlal_beasts_of_the_sky,
          kennysheep_generic_room_8, uniq_terence, uniq_grinder
D:4:      layout_loops_ring, minmay_temple_entry_tees, amethyst_killhole,
          nicolae_hexahallways, uniq_edmund, uniq_pikel, uniq_blork_the_orc,
          uniq_eustachio, uniq_ijyb
D:5:      layout_basic, mainiacjoe_overflow_small_starburst,
          serial_co_window_serial, co_window_paths_a, co_window_paths_b,
          co_window_paths_b, co_window_paths_a, co_window_corner_a,
          co_window_paths_c, co_window_unsneaky_path_a,
          co_window_of_opportunity_c, co_window_4corner_a, co_window_paths_d,
          glass_columns_b, glass_columns_a, interstate_on_off,
          pf_guarded_unrand_woodcutter
D:6:      layout_basic, minitemple, overflow_temple_1_default
D:7:      layout_gridville, kennysheep_little_box,
          chequers_serial_rivers_micro_c, hangedman_decor_riveting, minivault_27
D:8:      layout_cave_pods, lair_entry_dummy, nicolae_kite_square_tiling_tiny,
          roderic_lattice_a
Temple:   hellmonk_temple_divided_pantheon
Lair:1:   layout_roguey, enter_volcano_2, grunt_megastairs_1
Volcano:  volcano_pools

Skill      XL: |  1  2  3  4  5  6  7  8  9 10 |
---------------+-------------------------------+-----
Maces & Flails | 3 4 5 6 8 10 | 10.3
Fighting       | 4 5 6 7 8 |  8.5
Armour         | 4 5 6 7 |  7.3
Shields        | 5 |  5.0
Dodging        | 1 2 3 4 |  4.8
Evocations     | 4 |  4.3

Action                     |  1- 3 |  4- 6 |  7- 9 | 10-12 || total
---------------------------+-------+-------+-------+-------++-------
  Melee: Flail             |    90 |   173 |   104 |       ||   367
         Dire flail        |       |       |   159 |    73 ||   232
  Throw: Boomerang         |       |       |       |    16 ||    16
Ability: Dig               |       |       |       |     1 ||     1
  Evoke: Wand              |       |       |     6 |     2 ||     8
    Use: Potion            |       |     1 |     6 |     6 ||    13
         Scroll            |       |       |     8 |     1 ||     9
 Armour: Scale mail        |    49 |    27 |   125 |    18 ||   219
         Chain mail        |       |    32 |    36 |    12 ||    80
  Dodge: Dodged            |    31 |    54 |   117 |    24 ||   226
  Block: Buckler           |    47 |    99 |   138 |    33 ||   317
         Reflection        |     1 |     4 |     4 |     1 ||    10

Table legend: (Time is in decaauts)
 A = Elapsed time spent in this place.
 B = Non-inter-level travel time spent in this place.
 C = Inter-level travel time spent in this place.
 D = Time resting spent in this place.
 E = Time spent auto-exploring this place.
 F = Levels seen in this place.
 G = Mean time per level.
                   A        B        C        D        E       F      G
               +--------+--------+--------+--------+--------+-----+--------+
         Total |   8010 |   7511 |    499 |   1009 |   4962 |  11 |  728.2 |
       Dungeon |   7694 |   7196 |    498 |    961 |   4889 |   8 |  961.8 |
        Temple |     42 |     42 |      0 |      0 |      0 |   1 |   42.0 |
          Lair |     39 |     39 |      0 |      0 |      0 |   1 |   39.0 |
       Volcano |    233 |    233 |      0 |     48 |     73 |   1 |  233.0 |
               +--------+--------+--------+--------+--------+-----+--------+

Top non-repeatable levels by time:
     D:5: 1477 daAuts
     D:4: 1410 daAuts
     D:3: 1390 daAuts
     D:1: 869 daAuts
     D:7: 835 daAuts
     D:6: 830 daAuts
     D:2: 675 daAuts
 Volcano: 233 daAuts
     D:8: 205 daAuts
  Temple: 42 daAuts
  Lair:1: 39 daAuts
